[Event "2022 Harris Edwardes Interclub Competition (Division A)"]
[Site "Leeming, Perth WA AUS"]
[Date "2022.08.28"]
[Round "4"]
[White "Gong, Patrick"]
[Black "Fu, Yihe (Rebo)"]
[Result "1-0"]
[EventDate "2022.08.21"]
[EventRounds "4"]
[EventType "team"]
[Section "Division A (Premier)"]
[Stage "Final Round Playoffs: 1st vs 2nd"]
[Board "1"]
[TimeControl "3600+10"]
[WhiteElo "2508"]
[WhiteTitle "FM"]
[BlackElo "2287"]
[WhiteTeam "UWA Chess Club A"]
[BlackTeam "Southern Suburbs Chess Club A"]
[ECO "B22"]
[PlyCount "67"]

1. e4 c5 2. c3 Nf6 3. e5 Nd5 4. d4 cxd4 5. Nf3 Nc6 6. cxd4 d6 7. Bc4 Nb6 8. Bb5
Bd7 9. Nc3 e6 10. Bg5 Qc7 11. Qe2 dxe5 12. dxe5 Bb4 13. O-O Bxc3 14. bxc3 h6
15. Bd2 Ne7 16. Bd3 Bc6 17. Nd4 a6 18. Qh5 Bd5 19. f4 Nc6 20. f5 O-O-O 21. fxe6
fxe6 22. Rf7 Qxe5 23. Qg4 g5 24. Re1 Qd6 25. Nxe6 h5 26. Qf5 Rd7 27. Qf6 Re8
28. Bf5 Bxe6 29. Bxe6 Rxe6 30. Rxe6 Qxd2 31. Rxc6+ Kb8 32. Rxd7 Nxd7 33. Qd6+
Qxd6 34. Rxd6 1-0

[Event "2022 Harris Edwardes Interclub Competition (Division A)"]
[Site "Leeming, Perth WA AUS"]
[Date "2022.08.28"]
[Round "4"]
[White "Hare, Tim"]
[Black "Ng, Jen Sheng"]
[Result "1/2-1/2"]
[EventDate "2022.08.21"]
[EventRounds "4"]
[EventType "team"]
[Section "Division A (Premier)"]
[Stage "Final Round Playoffs: 1st vs 2nd"]
[Board "2"]
[TimeControl "3600+10"]
[WhiteElo "2227"]
[BlackElo "2145"]
[BlackTitle "CM"]
[WhiteTeam "Southern Suburbs Chess Club A"]
[BlackTeam "UWA Chess Club A"]
[ECO "A08"]
[PlyCount "62"]

1. Nf3 Nf6 2. g3 g6 3. Bg2 Bg7 4. O-O O-O 5. d3 c5 6. c3 Nc6 7. Nbd2 d5 8. a4
b6 9. Rb1 Re8 10. Qc2 a5 11. b3 Ba6 12. Ba3 Rc8 13. Rfd1 e5 14. Ne1 e4 15. Nf1
Qc7 16. Bc1 h6 17. Bf4 Qe7 18. dxe4 Nxe4 19. Bxe4 dxe4 20. Ng2 Qf6 21. Rbc1 g5
22. Be3 Qe5 23. h4 Qe7 24. hxg5 hxg5 25. Rd5 Bf6 26. Nh2 Ne5 27. Rcd1 Bb7 28.
Rd6 Rc6 29. R6d2 Rcc8 30. Rd6 Rc6 31. R6d2 Rcc8 1/2-1/2

[Event "2022 Harris Edwardes Interclub Competition (Division A)"]
[Site "Leeming, Perth WA AUS"]
[Date "2022.08.28"]
[Round "4"]
[White "Gibson, Kyle"]
[Black "Hu, Tommy"]
[Result "1-0"]
[EventDate "2022.08.21"]
[EventRounds "4"]
[EventType "team"]
[Section "Division A (Premier)"]
[Stage "Final Round Playoffs: 1st vs 2nd"]
[Board "4"]
[TimeControl "3600+10"]
[WhiteElo "1971"]
[BlackElo "1593"]
[WhiteTeam "Southern Suburbs Chess Club A"]
[BlackTeam "UWA Chess Club A"]
[ECO "B51"]
[PlyCount "71"]

1. e4 c5 2. Nf3 d6 3. Bb5+ Nd7 4. d4 cxd4 5. Qxd4 Ngf6 6. Bg5 e6 7. Nc3 Be7 8.
O-O-O a6 9. Bxd7+ Bxd7 10. e5 dxe5 11. Nxe5 Bc6 12. Qxd8+ Bxd8 13. Nxc6 bxc6
14. Bxf6 Bxf6 15. Rd6 Bxc3 16. bxc3 Rc8 17. Rhd1 Ke7 18. Rd7+ Kf6 19. Ra7 Ra8
20. Rdd7 Rhf8 21. Rxf7+ Rxf7 22. Rxa8 Ke5 23. f3 Kf4 24. Kd2 h5 25. Rxa6 e5 26.
Rxc6 Ra7 27. Rc4+ Kf5 28. a4 g5 29. Ke3 g4 30. Rb4 gxf3 31. Kxf3 Rc7 32. c4 Rc5
33. Ke3 Ra5 34. Kd3 Kf4 35. c5+ Kf5 36. Rc4 1-0

[Event "2022 Harris Edwardes Interclub Competition (Division A)"]
[Site "Leeming, Perth WA AUS"]
[Date "2022.08.28"]
[Round "4"]
[White "Lakner, Jay"]
[Black "Rodriguez, Juan Talavera"]
[Result "1-0"]
[EventDate "2022.08.21"]
[EventRounds "4"]
[EventType "team"]
[Section "Division A (Premier)"]
[Stage "Final Round Playoffs: 3rd vs 4th"]
[Board "1"]
[TimeControl "3600+10"]
[WhiteElo "2107"]
[BlackElo "2167"]
[WhiteTeam "Perth Chess Academy A"]
[BlackTeam "Perth Chess Club A"]
[ECO "A29"]
[PlyCount "135"]

1. c4 e5 2. Nc3 Nf6 3. Nf3 Nc6 4. g3 d5 5. cxd5 Nxd5 6. Bg2 Nb6 7. O-O Be7 8.
d3 O-O 9. a3 Be6 10. b4 a5 11. b5 Nd4 12. Nd2 Nd5 13. Bxd5 Bxd5 14. e3 Bc5 15.
exd4 Bxd4 16. Bb2 Be6 17. Na4 f5 18. Bxd4 Qxd4 19. Nf3 Qd6 20. Re1 f4 21. Nxe5
fxg3 22. hxg3 Rae8 23. d4 Rd8 24. Nc5 Bd5 25. Ne4 Qh6 26. Qc1 Qh3 27. Qg5 Rd6
28. Qg4 Qh6 29. f3 Rdd8 30. Rad1 Qb6 31. Nd7 Qxb5 32. Nxf8 Rxf8 33. Re3 Qa4 34.
Rd2 Qc6 35. Rc3 Qb6 36. Kg2 Qh6 37. Qg5 Qxg5 38. Nxg5 c6 39. Re3 b5 40. Rf2 b4
41. axb4 axb4 42. Re7 b3 43. Ne4 Rb8 44. Rb2 Rb4 45. Nc3 Bf7 46. Ne2 h6 47. Re3
Ra4 48. Kf2 Rb4 49. Rc3 Rb6 50. Ke3 g5 51. Nc1 Bd5 52. Nxb3 Kg7 53. Rb1 Rb7 54.
Nd2 Re7+ 55. Kf2 Rf7 56. Re1 g4 57. f4 Ra7 58. Nc4 Ra2+ 59. Re2 Ra1 60. Ne5 Rh1
61. Nxg4 h5 62. Ne5 h4 63. gxh4 Rxh4 64. Kg3 Rh6 65. Rh2 Rd6 66. Rh5 Be4 67.
Rg5+ Kf6 68. Rc4 1-0

[Event "2022 Harris Edwardes Interclub Competition (Division A)"]
[Site "Leeming, Perth WA AUS"]
[Date "2022.08.28"]
[Round "4"]
[White "Maris, Rob"]
[Black "Rafiei Darani, Daryoush"]
[Result "1-0"]
[EventDate "2022.08.21"]
[EventRounds "4"]
[EventType "team"]
[Section "Division A (Premier)"]
[Stage "Final Round Playoffs: 3rd vs 4th"]
[Board "2"]
[TimeControl "3600+10"]
[WhiteElo "2072"]
[BlackElo "1771"]
[WhiteTeam "Perth Chess Club A"]
[BlackTeam "Perth Chess Academy A"]
[ECO "E60"]
[PlyCount "51"]

1. c4 Nf6 2. Nf3 g6 3. g3 Bg7 4. Bg2 O-O 5. O-O d6 6. d4 a5 7. Nc3 Na6 8. b3
Re8 9. Bb2 c5 10. d5 Bd7 11. Qd2 a4 12. Ne1 Nb4 13. a3 Na6 14. bxa4 Nc7 15. Qc2
h5 16. h4 Ng4 17. Nd3 Ne5 18. Nxe5 Bxe5 19. Rab1 Qc8 20. Kh2 e6 21. f4 Bg7 22.
Nb5 Nxb5 23. axb5 e5 24. e4 Bf6 25. Qf2 Re7 26. fxe5 1-0

[Event "2022 Harris Edwardes Interclub Competition (Division A)"]
[Site "Leeming, Perth WA AUS"]
[Date "2022.08.28"]
[Round "4"]
[White "Umasankar, Naveen Ramnat"]
[Black "De Vas, Saminda"]
[Result "0-1"]
[EventDate "2022.08.21"]
[EventRounds "4"]
[EventType "team"]
[Section "Division A (Premier)"]
[Stage "Final Round Playoffs: 3rd vs 4th"]
[Board "3"]
[TimeControl "3600+10"]
[WhiteElo "1725"]
[BlackElo "2031"]
[WhiteTeam "Perth Chess Academy A"]
[BlackTeam "Perth Chess Club A"]
[ECO "B21"]
[PlyCount "40"]

1. e4 c5 2. d4 cxd4 3. c3 dxc3 4. Nxc3 g6 5. Nf3 Bg7 6. Bc4 Nc6 7. Bg5 Nf6 8.
h3 O-O 9. e5 Ne8 10. Qe2 Qa5 11. O-O Nc7 12. Bf4 Ne6 13. Bxe6 dxe6 14. Rfd1 a6
15. Rac1 Nb4 16. Qc4 b5 17. Qb3 Bb7 18. a3 Nd5 19. Bd2 Qb6 20. Na4 bxa4 0-1

[Event "2022 Harris Edwardes Interclub Competition (Division A)"]
[Site "Leeming, Perth WA AUS"]
[Date "2022.08.28"]
[Round "4"]
[White "Saxon, Marc"]
[Black "Xiao Zhou, Ning"]
[Result "1-0"]
[EventDate "2022.08.21"]
[EventRounds "4"]
[EventType "team"]
[Section "Division A (Premier)"]
[Stage "Final Round Playoffs: 3rd vs 4th"]
[Board "4"]
[TimeControl "3600+10"]
[WhiteElo "2015"]
[BlackElo "1583"]
[WhiteTeam "Perth Chess Club A"]
[BlackTeam "Perth Chess Academy A"]
[ECO "B12"]
[PlyCount "127"]

1. e4 c6 2. d4 d5 3. e5 Bf5 4. h4 h5 5. Ne2 e6 6. Ng3 Bg6 7. Nd2 Nd7 8. f4 Nh6
9. Nf3 c5 10. Bd3 Bxd3 11. Qxd3 cxd4 12. Nxd4 Bc5 13. Bd2 g6 14. O-O-O Bb6 15.
Rdf1 Nc5 16. Qe2 Ng4 17. Bb4 Rc8 18. Bxc5 Bxc5 19. Qd3 Qb6 20. Nge2 O-O 21. Rf3
Rc6 22. Nxc6 Nf2 23. Rxf2 Bxf2 24. Ncd4 Rc8 25. g3 Rc4 26. c3 Qa5 27. a3 b5 28.
Rf1 Bxd4 29. Nxd4 Qb6 30. Nc2 a5 31. Qe3 Qc7 32. Rd1 b4 33. axb4 axb4 34. Rd4
bxc3 35. Rxc4 cxb2+ 36. Kxb2 Qxc4 37. Qc3 Qb5+ 38. Qb4 Qd3 39. Qb3 Qa6 40. Nd4
Qa5 41. Nf3 Qa7 42. Ng5 Qf2+ 43. Ka3 Qa7+ 44. Qa4 Qc5+ 45. Kb3 Qb6+ 46. Kc3
Qe3+ 47. Kb4 Qb6+ 48. Qb5 Qd4+ 49. Ka3 Qe3+ 50. Qb3 Qa7+ 51. Kb2 Qf2+ 52. Ka3
Qa7+ 53. Qa4 Qe3+ 54. Kb4 Qb6+ 55. Qb5 Qd4+ 56. Ka5 Qa7+ 57. Qa6 Qc5+ 58. Ka4
Qd4+ 59. Kb5 Qd3+ 60. Kb6 Qxg3 61. Qc8+ Kg7 62. Qd7 Qb3+ 63. Kc7 Qc4+ 64. Kd8
1-0

[Event "2022 Harris Edwardes Interclub Competition (Division B)"]
[Site "Leeming, Perth WA AUS"]
[Date "2022.08.21"]
[Round "1"]
[White "Koh, Shannon"]
[Black "Plaganyi, Gyula"]
[Result "1/2-1/2"]
[EventDate "2022.08.21"]
[EventRounds "4"]
[EventType "team"]
[Section "Division B (Major): U1950"]
[Stage "Preliminary Rounds: Group 1"]
[Board "1"]
[TimeControl "3600+10"]
[WhiteElo "1800"]
[BlackElo "1903"]
[BlackTitle "CM"]
[WhiteTeam "Kingsley Chess Club B"]
[BlackTeam "Perth Chess Club B1"]
[ECO "B22"]
[PlyCount "131"]

1. e4 c5 2. c3 g6 3. d4 cxd4 4. cxd4 d5 5. Nc3 dxe4 6. Nxe4 Bg7 7. Nf3 Nf6 8.
Nxf6+ Bxf6 9. Be3 O-O 10. h3 Qa5+ 11. Bd2 Qb6 12. Bc3 Be6 13. Qd2 Bd5 14. Be2
Nc6 15. O-O Rac8 16. Ne5 Rfd8 17. Nxc6 Qxc6 18. f3 e6 19. Rfd1 Rd7 20. a4 a6
21. Qf4 Bg7 22. a5 Bc4 23. d5 Qc5+ 24. Kf1 Bxe2+ 25. Kxe2 Bxc3 26. dxe6 Re7 27.
bxc3 Rxe6+ 28. Kf1 Qb5+ 29. Kg1 Rxc3 30. Rd8+ Kg7 31. Qd4+ Qe5 32. Qxe5+ Rxe5
33. Rb1 Rc7 34. Rb8 Ree7 35. Kf2 Kf6 36. Rb6+ Ke5 37. g4 f5 38. Rb4 fxg4 39.
hxg4 Rf7 40. Re4+ Kf6 41. Rf4+ Kg7 42. Rxf7+ Kxf7 43. g5 Ke6 44. Ke3 Kd5 45.
Re8 Kc4 46. Re5 Kb4 47. Ke4 Rc4+ 48. Kd3 Rc5 49. Re7 Kxa5 50. Rxb7 Rxg5 51.
Rxh7 Kb4 52. Ra7 a5 53. Ke4 Ka3 54. f4 Rf5 55. Ra6 a4 56. Rxg6 Rb5 57. Ra6 Kb3
58. f5 a3 59. f6 a2 60. f7 Rb8 61. Kf5 Kb2 62. Kf6 a1=Q 63. Rxa1 Kxa1 64. Kg7
Kb2 65. f8=Q Rxf8 66. Kxf8 1/2-1/2

[Event "2022 Harris Edwardes Interclub Competition (Division B)"]
[Site "Leeming, Perth WA AUS"]
[Date "2022.08.21"]
[Round "1"]
[White "Ong, Celine"]
[Black "Curthoys, Ned"]
[Result "1-0"]
[EventDate "2022.08.21"]
[EventRounds "4"]
[EventType "team"]
[Section "Division B (Major): U1950"]
[Stage "Preliminary Rounds: Group 1"]
[Board "2"]
[TimeControl "3600+10"]
[WhiteElo "1738"]
[BlackElo "1960"]
[WhiteTeam "Kingsley Chess Club B"]
[BlackTeam "Warwick Chess Club B"]
[ECO "B13"]
[PlyCount "85"]

1. e4 c6 2. d4 d5 3. exd5 cxd5 4. Bd3 Nf6 5. c3 Nc6 6. Bf4 g6 7. Nd2 Bg7 8.
Ngf3 Nh5 9. Bg3 Nxg3 10. hxg3 Rb8 11. Qc2 b5 12. a3 Qb6 13. Qb3 e6 14. Qc2 a5
15. b4 O-O 16. Ng5 h6 17. Bxg6 Nxd4 18. Bxf7+ Rxf7 19. Qh7+ Kf8 20. Nxf7 Kxf7
21. cxd4 Qxd4 22. Rc1 Qe5+ 23. Kf1 axb4 24. axb4 Bd7 25. Rxh6 Qf5 26. Qxf5+
exf5 27. Rd6 Rb7 28. Rxd5 Bf8 29. Nf3 Ke6 30. Rcd1 Bc6 31. Rd8 Bxf3 32. gxf3
Bxb4 33. g4 Be7 34. R8d3 b4 35. Rb3 Ke5 36. Kg2 Bc5 37. gxf5 Kf6 38. f4 Bf8 39.
Rd5 Bh6 40. Rd6+ Kg7 41. Rg3+ Kf7 42. Rxh6 b3 43. Rh7+ 1-0

[Event "2022 Harris Edwardes Interclub Competition (Division B)"]
[Site "Leeming, Perth WA AUS"]
[Date "2022.08.21"]
[Round "2"]
[White "Curthoys, Ned"]
[Black "Koh, Shannon"]
[Result "0-1"]
[EventDate "2022.08.21"]
[EventRounds "4"]
[EventType "team"]
[Section "Division B (Major): U1950"]
[Stage "Preliminary Rounds: Group 1"]
[Board "1"]
[TimeControl "3600+10"]
[WhiteElo "1960"]
[BlackElo "1800"]
[WhiteTeam "Warwick Chess Club B"]
[BlackTeam "Kingsley Chess Club B"]
[ECO "D74"]
[PlyCount "146"]

1. d4 Nf6 2. c4 g6 3. Nf3 Bg7 4. g3 O-O 5. Bg2 d5 6. cxd5 Nxd5 7. O-O Nc6 8.
Nc3 Nxc3 9. bxc3 e5 10. Ba3 Re8 11. e3 Be6 12. Qc2 Bc4 13. Rfd1 e4 14. Ne5 Bxe5
15. dxe5 Bd3 16. Qb3 Qc8 17. f4 exf3 18. Bxf3 Ba6 19. Bd5 Nxe5 20. Rd4 c6 21.
Bg2 Qe6 22. Qd1 Nc4 23. Re4 Qf5 24. Rf4 Qa5 25. Qd7 Ne5 26. Qd6 Qxc3 27. Rb1
Qxe3+ 28. Kh1 Nc4 29. Qc7 Qe6 30. Rbf1 Rac8 31. Bh3 Rxc7 32. Bxe6 Rxe6 33. Bc5
Ne3 34. Re1 Nd5 35. Rxe6 Nxf4 36. Re8+ Kg7 37. gxf4 b6 38. Bd6 Rd7 39. Bb8 Bc4
40. a3 Be6 41. Kg2 f6 42. h4 Bd5+ 43. Kf2 Kf7 44. Rh8 Ke6 45. Ke3 Kf5 46. Rf8
Re7+ 47. Kd4 Re4+ 48. Kd3 Ra4 49. Be5 Rxa3+ 50. Kd4 Ra4+ 51. Ke3 Re4+ 52. Kd3
Ra4 53. Rxf6+ Kg4 54. Rf8 Kxh4 55. Bf6+ Kg4 56. Bd8 h5 57. Bg5 h4 58. Rh8 h3
59. Rh4+ Kf5 60. Rh8 Ra3+ 61. Kd4 Ra4+ 62. Ke3 a5 63. Kf2 Bg2 64. Rf8+ Ke6 65.
Rf6+ Kd5 66. Rxg6 b5 67. f5 Rg4 68. Kg1 Be4+ 69. Kh2 Bxf5 70. Rg7 Rg2+ 71. Kh1
Be4 72. Rd7+ Kc4 73. Rg7 Rxg5+ 0-1

[Event "2022 Harris Edwardes Interclub Competition (Division B)"]
[Site "Leeming, Perth WA AUS"]
[Date "2022.08.21"]
[Round "2"]
[White "Ong, Celine"]
[Black "Hernandez Mendez, Iker"]
[Result "1-0"]
[EventDate "2022.08.21"]
[EventRounds "4"]
[EventType "team"]
[Section "Division B (Major): U1950"]
[Stage "Preliminary Rounds: Group 1"]
[Board "3"]
[TimeControl "3600+10"]
[WhiteElo "1738"]
[BlackElo "1826"]
[WhiteTeam "Kingsley Chess Club B"]
[BlackTeam "Perth Chess Club B1"]
[ECO "B76"]
[PlyCount "115"]

1. e4 c5 2. Nf3 d6 3. d4 cxd4 4. Nxd4 Nf6 5. Nc3 g6 6. f3 Bg7 7. Be3 O-O 8. Qd2
Nc6 9. O-O-O d5 10. Qe1 e5 11. Nxc6 bxc6 12. exd5 Nxd5 13. Bc4 Be6 14. Bc5 Re8
15. Ne4 Rb8 16. Bb3 f5 17. Nd6 Qg5+ 18. Kb1 Red8 19. g3 Bf8 20. Qxe5 Bf7 21.
Nxf7 Kxf7 22. Rxd5 cxd5 23. Bxd5+ Rxd5 24. Qxd5+ Kg7 25. Bd4+ Kh6 26. Qe5 Qd8
27. Qf4+ g5 28. Qe5 Qd6 29. Qxd6+ Bxd6 30. Bxa7 Re8 31. Rd1 Bc7 32. b4 Re2 33.
Rh1 Be5 34. b5 Kg6 35. b6 Bd4 36. Rd1 Bc5 37. Rd5 Ba3 38. Rd1 Re5 39. c4 Re2
40. Rd3 Bc5 41. Bb8 Re6 42. b7 Rb6+ 43. Rb3 Bb4 44. a3 Rxb7 45. Rxb4 Re7 46.
Rb2 Re3 47. c5 Rxf3 48. c6 Re3 49. c7 Re8 50. Rd2 Rc8 51. Rd8 Rxc7 52. Bxc7 h5
53. a4 h4 54. a5 f4 55. gxf4 g4 56. a6 g3 57. hxg3 h3 58. a7 1-0

[Event "2022 Harris Edwardes Interclub Competition (Division B)"]
[Site "Leeming, Perth WA AUS"]
[Date "2022.08.28"]
[Round "3"]
[White "Plaganyi, Gyula"]
[Black "Curthoys, Ned"]
[Result "1/2-1/2"]
[EventDate "2022.08.21"]
[EventRounds "4"]
[EventType "team"]
[Section "Division B (Major): U1950"]
[Stage "Preliminary Rounds: Group 1"]
[Board "1"]
[TimeControl "3600+10"]
[WhiteElo "1903"]
[WhiteTitle "CM"]
[BlackElo "1960"]
[WhiteTeam "Perth Chess Club B1"]
[BlackTeam "Warwick Chess Club B"]
[ECO "D79"]
[PlyCount "67"]

1. Nf3 d5 2. c4 c6 3. g3 Nf6 4. Bg2 g6 5. O-O Bg7 6. d4 O-O 7. Nc3 Nbd7 8. cxd5
cxd5 9. Bf4 Nb6 10. Nb5 Bd7 11. Bc7 Qc8 12. Bxb6 Bxb5 13. Bc5 Re8 14. a4 Ba6
15. Rc1 Qe6 16. Re1 Ne4 17. Ba3 Rac8 18. Rxc8 Rxc8 19. e3 Bf6 20. Nd2 Nxd2 21.
Qxd2 Qc6 22. b3 e6 23. Rc1 Qd7 24. Bf1 Bxf1 25. Kxf1 Rc6 26. Rxc6 Qxc6 27. Qc1
Qxc1+ 28. Bxc1 Be7 29. Ke2 Kg7 30. Kd3 Kf6 31. f3 Kf5 32. h4 h5 33. Bd2 Bd6 34.
Be1 1/2-1/2

[Event "2022 Harris Edwardes Interclub Competition (Division B)"]
[Site "Leeming, Perth WA AUS"]
[Date "2022.08.28"]
[Round "3"]
[White "Janceski, Alex"]
[Black "Koh, Shannon"]
[Result "1-0"]
[EventDate "2022.08.21"]
[EventRounds "4"]
[EventType "team"]
[Section "Division B (Major): U1950"]
[Stage "Preliminary Rounds: Group 1"]
[Board "2"]
[TimeControl "3600+10"]
[WhiteElo "1930"]
[BlackElo "1800"]
[WhiteTeam "Perth Chess Club B1"]
[BlackTeam "Kingsley Chess Club B"]
[ECO "D94"]
[PlyCount "120"]

1. d4 Nf6 2. c4 g6 3. Nc3 d5 4. e3 Bg7 5. h3 O-O 6. Nf3 Re8 7. Be2 dxc4 8. Bxc4
c5 9. O-O Nbd7 10. Re1 Qc7 11. Bd3 e5 12. dxe5 Nxe5 13. Nxe5 Qxe5 14. Qf3 Re7
15. Bc2 Rb8 16. e4 g5 17. Be3 Bd7 18. Rad1 Bc6 19. Nd5 Bxd5 20. exd5 Qd6 21.
Bxg5 Rxe1+ 22. Rxe1 Qxd5 23. Qf4 Re8 24. Rd1 Qe5 25. Qxe5 Rxe5 26. Rd8+ Ne8 27.
Be3 Bf8 28. Bb3 Kg7 29. Kf1 Nc7 30. Rb8 b6 31. Rb7 Ne6 32. Rxa7 b5 33. Bd2 Kg8
34. Ra8 c4 35. Bc2 Rd5 36. Bc3 h5 37. g3 Rd8 38. Rxd8 Nxd8 39. Bd1 h4 40. Bf6
Ne6 41. Bxh4 Bg7 42. b3 c3 43. Ke2 Bh6 44. Bf6 Kf8 45. Bxc3 Ke7 46. f4 Nc7 47.
Kf3 Nd5 48. Bd2 Bg7 49. g4 Kd6 50. h4 Nc3 51. Bxc3 Bxc3 52. Ke4 Ke6 53. g5 f5+
54. gxf6 Kxf6 55. h5 b4 56. Bg4 Bd2 57. Bd7 Bc3 58. Be8 Kg7 59. Kd3 Bf6 60. Ke4
Bc3 1-0

[Event "2022 Harris Edwardes Interclub Competition (Division B)"]
[Site "Leeming, Perth WA AUS"]
[Date "2022.08.21"]
[Round "1"]
[White "Gupta, Aarnav"]
[Black "Smith, Jonathan"]
[Result "0-1"]
[EventDate "2022.08.21"]
[EventRounds "4"]
[EventType "team"]
[Section "Division B (Major): U1950"]
[Stage "Preliminary Rounds: Group 2"]
[Board "1"]
[TimeControl "3600+10"]
[WhiteElo "1222"]
[BlackElo "1663"]
[WhiteTeam "Perth Chess Academy B"]
[BlackTeam "Perth Chess Club B2"]
[ECO "A06"]
[PlyCount "57"]

1. d4 d5 2. Nf3 Nf6 3. e3 Bg4 4. Be2 e6 5. b3 Bd6 6. Bb2 Nbd7 7. Nbd2 O-O 8.
O-O Rc8 9. Rc1 c6 10. c4 Re8 11. Re1 Bb8 12. h3 Bh5 13. Qc2 Bg6 14. Bd3 Nf8 15.
Bxg6 Nxg6 16. Qd3 Nd7 17. cxd5 exd5 18. Ba3 Nf6 19. Qc3 Qd7 20. Qd3 Ne4 21. Bb2
Qf5 22. Qe2 Nxd2 23. Nxd2 Nh4 24. Nf1 Re6 25. Ng3 Qg6 26. Kh2 Rce8 27. Rc3 f5
28. Qf1 f4 29. Ne2 0-1

[Event "2022 Harris Edwardes Interclub Competition (Division B)"]
[Site "Leeming, Perth WA AUS"]
[Date "2022.08.21"]
[Round "1"]
[White "Gupta, Anoushka"]
[Black "Soutar, Gavin"]
[Result "1-0"]
[EventDate "2022.08.21"]
[EventRounds "4"]
[EventType "team"]
[Section "Division B (Major): U1950"]
[Stage "Preliminary Rounds: Group 2"]
[Board "2"]
[TimeControl "3600+10"]
[WhiteElo "881"]
[BlackElo "1900"]
[WhiteTeam "Perth Chess Academy B"]
[BlackTeam "Southern Suburbs Chess Club B"]
[ECO "B56"]
[PlyCount "37"]

1. e4 c5 2. Nf3 d6 3. Nc3 Nc6 4. Bb5 Bd7 5. d4 cxd4 6. Nxd4 Nf6 7. f3 g6 8. Be3
Bg7 9. Bxc6 Bxc6 10. Ncb5 O-O 11. Nxa7 Qa5+ 12. Qd2 Rxa7 13. Nxc6 Qxd2+ 14.
Kxd2 Ra4 15. Nxe7+ Kh8 16. Nd5 Nxd5 17. exd5 Bxb2 18. Rab1 Rxa2 19. Rxb2 1-0

[Event "2022 Harris Edwardes Interclub Competition (Division B)"]
[Site "Leeming, Perth WA AUS"]
[Date "2022.08.21"]
[Round "1"]
[White "Bhatia, Abhay"]
[Black "McGinty, Aidan"]
[Result "1-0"]
[EventDate "2022.08.21"]
[EventRounds "4"]
[EventType "team"]
[Section "Division B (Major): U1950"]
[Stage "Preliminary Rounds: Group 2"]
[Board "3"]
[TimeControl "3600+10"]
[WhiteElo "1668"]
[BlackElo "1892"]
[WhiteTeam "Perth Chess Club B2"]
[BlackTeam "Southern Suburbs Chess Club B"]
[ECO "B01"]
[PlyCount "100"]

1. e4 d5 2. exd5 Qxd5 3. Nc3 Qa5 4. d3 c6 5. Bd2 Qc7 6. Nf3 Bg4 7. Be2 Nf6 8.
O-O e6 9. g3 Bd6 10. Ng5 Bf5 11. Nce4 Be5 12. c3 h6 13. Nxf6+ Bxf6 14. Ne4 Be5
15. Qc2 g5 16. d4 Bg7 17. Bd3 Nd7 18. Rfe1 O-O 19. Nc5 Bxd3 20. Qxd3 Nxc5 21.
dxc5 Rad8 22. Qc2 Rd5 23. b4 Rfd8 24. Be3 Rd3 25. Bd4 Bxd4 26. cxd4 R8xd4 27.
Rad1 Rxd1 28. Rxd1 Rxb4 29. Qc3 Re4 30. Qf6 Re5 31. Rd8+ Qxd8 32. Qxd8+ Kg7 33.
Qd4 f6 34. Qd7+ Kg6 35. Qxb7 Rxc5 36. Qxa7 Rc1+ 37. Kg2 c5 38. Qa3 Ra1 39. Qxc5
Rxa2 40. Qc4 Ra5 41. Qxe6 Re5 42. Qg8+ Kf5 43. Qh7+ Ke6 44. Qxh6 Kf5 45. h3 Re4
46. Qh7+ Ke5 47. g4 Rf4 48. Qe7+ Kd5 49. Kg3 Re4 50. Qxf6 Re5 1-0

[Event "2022 Harris Edwardes Interclub Competition (Division B)"]
[Site "Leeming, Perth WA AUS"]
[Date "2022.08.21"]
[Round "1"]
[White "Gough, Dylan"]
[Black "Rasulov, Bekzod"]
[Result "1/2-1/2"]
[EventDate "2022.08.21"]
[EventRounds "4"]
[EventType "team"]
[Section "Division B (Major): U1950"]
[Stage "Preliminary Rounds: Group 2"]
[Board "6"]
[TimeControl "3600+10"]
[WhiteElo "1710"]
[BlackElo "1548"]
[WhiteTeam "Southern Suburbs Chess Club B"]
[BlackTeam "Perth Chess Club B2"]
[ECO "E61"]
[PlyCount "62"]

1. d4 g6 2. c4 Nf6 3. Nc3 Bg7 4. b3 d6 5. Bb2 O-O 6. e3 Nbd7 7. Bd3 Re8 8. Nge2
e5 9. dxe5 Nxe5 10. Bc2 Bg4 11. h3 Bd7 12. Qd2 a6 13. O-O-O b5 14. c5 dxc5 15.
Ne4 Nxe4 16. Bxe4 Bc6 17. Bxc6 Qxd2+ 18. Rxd2 Nxc6 19. Bxg7 Kxg7 20. Nc3 Ne5
21. f4 Nc6 22. Nd5 Rac8 23. Re1 c4 24. bxc4 bxc4 25. Rc2 Re4 26. Nc3 Re6 27.
Nd5 Re4 28. Rb2 a5 29. a3 Nd4 30. Kd2 Rd8 31. exd4 Rxd4+ 1/2-1/2

[Event "2022 Harris Edwardes Interclub Competition (Division B)"]
[Site "Leeming, Perth WA AUS"]
[Date "2022.08.21"]
[Round "2"]
[White "Soutar, Gavin"]
[Black "Chen, Angus"]
[Result "0-1"]
[EventDate "2022.08.21"]
[EventRounds "4"]
[EventType "team"]
[Section "Division B (Major): U1950"]
[Stage "Preliminary Rounds: Group 2"]
[Board "1"]
[TimeControl "3600+10"]
[WhiteElo "1900"]
[BlackElo "1609"]
[WhiteTeam "Southern Suburbs Chess Club B"]
[BlackTeam "Perth Chess Academy B"]
[ECO "D48"]
[PlyCount "70"]

1. c4 e6 2. Nc3 d5 3. d4 Nf6 4. Nf3 c6 5. e3 Nbd7 6. Bd3 dxc4 7. Bxc4 b5 8. Bd3
a6 9. O-O Be7 10. b3 O-O 11. Bb2 Bb7 12. Rc1 c5 13. Qe2 Rc8 14. Rfd1 Qb6 15.
Ne5 Nxe5 16. dxe5 Nd5 17. Nxd5 Bxd5 18. e4 Bb7 19. Bb1 Rfd8 20. Rxd8+ Rxd8 21.
Rd1 Rxd1+ 22. Qxd1 Qc7 23. f4 c4 24. Qc2 Qb6+ 25. Kf1 Qc6 26. f5 exf5 27. exf5
Qh6 28. g3 Qc6 29. Bd4 Qh1+ 30. Ke2 Qxh2+ 31. Kd1 Bf3+ 32. Kc1 Ba3+ 33. Bb2
Qg1+ 34. Kd2 Qf2+ 35. Kc3 Qe3+ 0-1

[Event "2022 Harris Edwardes Interclub Competition (Division B)"]
[Site "Leeming, Perth WA AUS"]
[Date "2022.08.21"]
[Round "2"]
[White "McGinty, Aidan"]
[Black "Smith, Jonathan"]
[Result "0-1"]
[EventDate "2022.08.21"]
[EventRounds "4"]
[EventType "team"]
[Section "Division B (Major): U1950"]
[Stage "Preliminary Rounds: Group 2"]
[Board "2"]
[TimeControl "3600+10"]
[WhiteElo "1892"]
[BlackElo "1663"]
[WhiteTeam "Southern Suburbs Chess Club B"]
[BlackTeam "Perth Chess Club B2"]
[ECO "B16"]
[PlyCount "62"]

1. e4 c6 2. d4 d5 3. Nc3 dxe4 4. Nxe4 Nf6 5. Nxf6+ gxf6 6. Bf4 Bf5 7. Ne2 e6 8.
Ng3 Bg6 9. h4 h5 10. Be2 Nd7 11. Bxh5 Bxh5 12. Nxh5 Qa5+ 13. c3 Qxh5 14. g4 Qd5
15. f3 O-O-O 16. h5 e5 17. Be3 Bh6 18. Bf2 e4 19. c4 Qa5+ 20. Kf1 Qb4 21. Qc2
Nb6 22. c5 Qc4+ 23. Qe2 exf3 24. Qxc4 Nxc4 25. b4 Bf4 26. Rh3 Rde8 27. Kg1 Rhg8
28. Rxf3 Rxg4+ 29. Kh1 Nd2 30. Rh3 Re2 31. Bg1 Ne4 0-1